 Dungeon Crawl Stone Soup version 0.30-a0-782-ge64f9170bb (webtiles) character file.

Game seed: 6894145676046428071

929 freelancePsychic the Sneak (level 7, 0/64 HPs)
             Began as a Minotaur Delver on Feb 19, 2023.
             Was an Initiate of Gozag.
             Slain by an ice beast (11 damage)
             ... on level 6 of the Dungeon.
             The game lasted 00:10:24 (4192 turns).

freelancePsychic the Sneak (Minotaur Delver)        Turns: 4192, Time: 00:10:25

Health: 0/64       AC:  7    Str: 19    XL:     7   Next: 85%
Magic:  6/6        EV: 11    Int:  7    God:    Gozag
Gold:   234        SH:  0    Dex: 11    Spells: 6/6 levels left

rFire   . . .      SeeInvis .    a - +0 hand axe
rCold   . . .      Faith    .    (no shield)
rNeg    . . .      Spirit   .    b - +0 leather armour
rPois   +          Reflect  .    A - +2 hat
rElec   .          Harm     .    (no cloak)
rCorr   .          Rampage  +    (no gloves)
Will    .....                    D - +1 pair of boots {rampage}
Stlth   +++                      e - amulet of regeneration
HPRegen 1.10/turn                v - ring of poison resistance
MPRegen 0.10/turn                x - ring of flight

@: mighty, gold aura, flying
A: horns 2, retaliatory headbutt
a: Renounce Religion, Potion Petition, Call Merchant, Bribe Branch


You were on level 6 of the Dungeon.
You worshipped Gozag.
Gozag was aware of your devotion.
You visited 2 branches of the dungeon, and saw 7 of its levels.

You collected 550 gold pieces.
You spent 217 gold pieces at shops.
You paid 99 gold pieces to Gozag.

Inventory:

Hand Weapons
 a - a +0 hand axe (weapon)
 q - a +0 battleaxe
 s - a +0 war axe
Missiles
 r - 9 poisoned darts (quivered)
 E - a curare-tipped dart
Armour
 b - a +0 leather armour (worn)
 y - a +2 scale mail of fire resistance
 A - a +2 hat (worn)
 D - a +1 pair of boots of rampaging (worn)
Jewellery
 e - an amulet of regeneration (around neck)
 u - an amulet of reflection
 v - a ring of poison resistance (left hand)
 x - a ring of flight (right hand)
 H - an amulet of the acrobat
Wands
 g - a wand of digging (3)
 k - a wand of polymorph (10)
 C - a wand of flame (21)
Scrolls
 c - 2 scrolls of fog
 f - a scroll of poison
 h - 2 scrolls of blinking
 i - a scroll of silence
 j - a scroll of torment {unknown}
 l - a scroll of enchant armour {unknown}
 m - a scroll of butterflies
 n - a scroll of teleportation {unknown}
 p - a scroll of noise {unknown}
 t - 3 scrolls of immolation
 I - a scroll of vulnerability {unknown}
Potions
 d - 2 potions of might
 o - 2 potions of haste {@q3}
 w - a potion of berserk rage {unknown}
 B - a potion of curing {unknown}
 F - a potion of magic {unknown}
 G - a potion of cancellation {unknown}
 J - a potion of heal wounds {unknown}


   Skills:
 + Level 6.5 Fighting
 + Level 5.9 Axes
 + Level 1.3 Throwing
 - Level 2.1 Dodging
 - Level 6.9 Stealth


You had 6 spell levels left.
You didn't know any spells.
Your spell library contained the following spells:

 Spells                   Type           Power      Damage    Failure   Level
 Blink                    Tloc           0%         N/A       63%         2
 Cigotuvi's Dreadful Rot  Necr/Pois/Air  0%         N/A       63%         2
 Lesser Beckoning         Tloc           0%         N/A       63%         2
 Momentum Strike          Conj/Tloc      0%         3d8       63%         2
 Dispel Undead            Necr           0%         3d6       99%         4
 Death Channel            Necr           0%         N/A       100%        6


Dungeon Overview and Level Annotations

Branches:
Dungeon (6/15)             Temple (1/1) D:4

Altars:
Ashenzari
Cheibriados
Dithmenos
Elyvilon
Fedhas
Gozag
Hepliaklqana
Kikubaaqudgha
Makhleb
Nemelex Xobeh
Okawaru
Qazlal
Ru
Sif Muna
Trog
Wu Jian
Xom
Yredelemnul
Zin
The Shining One

Shops:
D:5 *   D:6 (

Annotations:
D:2 Sigmund
D:4 Grinder
D:5 exclusion: ogre


Innate Abilities, Weirdness & Mutations

You have a pair of horns on your head.
You reflexively headbutt those who attack you in melee.


Message History

The centaur is heavily wounded.
You slash the orc priest!
You hear a shout!
The centaur unwields a +0 shortbow.
The centaur closely misses you.
The centaur kicks you but does no damage.
The orc priest hits you but does no damage.
You slash the centaur! You headbutt the centaur.
The centaur is almost dead.
You barely miss the orc priest.
The centaur hits you but does no damage.
The centaur kicks you but does no damage.
The centaur closely misses you.
The centaur kicks you but does no damage.
The orc priest calls down the wrath of Beogh upon you.
Beogh smites you!
* * * LOW HITPOINT WARNING * * *
You barely miss the centaur.
The centaur is almost dead.
You slash the orc priest!
You kill the orc priest!
The centaur hits you.
* * * LOW HITPOINT WARNING * * *
The centaur kicks you but does no damage.
You rampage towards the ice beast!
The adder is no longer distracted by gold.
The centaur hits you but does no damage.
The centaur closely misses you. The centaur hits you.
* * * LOW HITPOINT WARNING * * *
The centaur kicks you but does no damage.
An ogre comes into view. It is wielding a +0 giant club.
You see here 2 poisoned darts.
You hit the centaur.
You kill the centaur!
You closely miss the ice beast. The adder bites you.
* * * LOW HITPOINT WARNING * * *
The ice beast hits you.
* * * LOW HITPOINT WARNING * * *
The ice beast freezes you!
You die...
Your body crumbles into a pile of gold.

...........# ..........#
........###. .......#...
.. #.........#
...###.......#
#.#.........# .#
.#.O.Y@$..# .## ..### $
#....S.$.###..# ....##
##............. .....##
....#...$.#..#..#.......
..# #.....##.#...#......
...##......#..##.#......
..#...?.##...#..<.....#
.....##$###..#...##..##
..
.......##.##.............


You could see an ice beast, an ogre and an adder.

Vanquished Creatures
  Menkaure (D:6)
  A centaur (D:6)
  A kobold brigand (D:6)
  2 bullfrogs
  Blork the orc (D:6)
  A necrophage (D:5)
  3 scorpions
  An orc priest (D:6)
  2 hounds
  Jessica (D:3)
  Ijyb (D:3)
  An orc wizard (D:5)
  6 adders
  A white imp (D:5)
  An ufetubus (D:6)
  2 worms (D:2)
  2 dart slugs
  10 orcs
  3 ball pythons
  6 bats
  3 endoplasms
  6 giant cockroaches
  7 goblins
  3 hobgoblins
  2 jackals
  3 quokkas
  4 frilled lizards
  5 kobolds
  A rat (D:1)
81 creatures vanquished.

Vanquished Creatures (others)
  11 fungi (D:3)
11 creatures vanquished.

Grand Total: 92 creatures vanquished

Notes
Turn   | Place    | Note
-------+----------+-------------------------------------------
     0 | D:5      | freelancePsychic the Minotaur Delver began the quest for
                  | the Orb.
     0 | D:5      | Reached XP level 1. HP: 19/19 MP: 0/0
   125 | D:5      | Noticed a necrophage
   185 | D:5      | Noticed an ogre
   186 | D:5      | Found a shadowy altar of Dithmenos.
   186 | D:5      | Noticed an orc wizard
   194 | D:5      | Found a sparkling altar of Nemelex Xobeh.
   231 | D:4      | Noticed a scorpion
   231 | D:4      | Noticed a scorpion
   231 | D:4      | Found a staircase to the Ecumenical Temple.
   260 | D:3      | Noticed Jessica
   428 | D:1      | Reached XP level 2. HP: 27/27 MP: 1/1
   949 | D:2      | Reached XP level 3. HP: 31/33 MP: 2/2
  1001 | D:2      | Noticed Sigmund
  1649 | D:3      | Killed Jessica
  1650 | D:3      | Reached skill level 5 in Stealth
  1650 | D:3      | Reached XP level 4. HP: 38/41 MP: 3/3
  1881 | D:3      | Noticed Ijyb
  1912 | D:3      | Noticed a bullfrog
  1974 | D:3      | Killed a bullfrog
  1975 | D:3      | Reached XP level 5. HP: 47/47 MP: 4/4
  2018 | D:3      | Killed Ijyb
  2228 | Temple   | Entered the Ecumenical Temple
  2422 | Temple   | Became a worshipper of Gozag Ym Sagoz the Greedy
  2441 | D:4      | Reached skill level 5 in Fighting
  2493 | D:4      | Reached XP level 6. HP: 24/56 MP: 5/5
  2967 | D:4      | Noticed Grinder
  3603 | D:5      | Found Palie's Assorted Antiques.
  3608 | D:5      | Bought a pair of glowing boots for 217 gold pieces
  3677 | D:5      | Reached skill level 5 in Axes
  3677 | D:5      | Reached XP level 7. HP: 61/62 MP: 6/6
  4023 | D:6      | Noticed Blork the orc
  4037 | D:6      | Killed Blork the orc
  4072 | D:6      | Found Cime's Antique Weapon Shop.
  4141 | D:6      | Noticed Menkaure
  4172 | D:6      | Killed Menkaure
  4173 | D:6      | Reached skill level 1 in Throwing
  4192 | D:6      | Slain by an ice beast

Illustrated notes

Levels and vault maps discovered:
D:1:      erik_arrival_blinker_ship, layout_rooms, kennysheep_pointless_box
D:2:      layout_rooms, minmay_domino_2, uniq_sigmund
D:3:      layout_basic, dreamdust_mushroom_princess, uniq_ijyb, uniq_jessica
D:4:      layout_loops_ring, temple_fountains, uniq_grinder
D:5:      layout_basic, mainiacjoe_overflow_large_starburst, serial_shops,
          nicolae_shop_trees
D:6:      layout_cave_pools, nicolae_uskayaw_dance_hall, serial_shops,
          nicolae_square_shop, uniq_crazy_yiuf_cottage, uniq_menkaure,
          uniq_maggie, uniq_eustachio, uniq_blork_the_orc
Temple:   eino_narrow_crystal_temple

Skill      XL: |  1  2  3  4  5  6  7 |
---------------+----------------------+-----
Fighting       | 4 5 6 |  6.5
Axes           | 3 4 5 |  5.9
Stealth        | 5 6 |  6.9
Throwing       | 1 |  1.3
Dodging        | |  2.1

Action                     |  1- 3 |  4- 6 |  7- 9 || total
---------------------------+-------+-------+-------++-------
  Melee: Hand axe          |    84 |   111 |    43 ||   238
         Headbutt          |     9 |    16 |    11 ||    36
         Punch             |     2 |     3 |       ||     5
  Throw: Dart              |     3 |    24 |    13 ||    40
  Evoke: Wand              |       |       |     5 ||     5
    Use: Scroll            |     3 |       |     4 ||     7
         Potion            |     1 |     1 |     1 ||     3
   Stab: Sleeping          |     9 |     4 |       ||    13
 Armour: Leather armour    |    16 |    24 |    31 ||    71
         Skin              |       |    14 |       ||    14
  Dodge: Dodged            |    47 |    47 |    26 ||   120

Table legend: (Time is in decaauts)
 A = Elapsed time spent in this place.
 B = Non-inter-level travel time spent in this place.
 C = Inter-level travel time spent in this place.
 D = Time resting spent in this place.
 E = Time spent auto-exploring this place.
 F = Levels seen in this place.
 G = Mean time per level.
                   A        B        C        D        E       F      G
               +--------+--------+--------+--------+--------+-----+--------+
         Total |   4187 |   3939 |    248 |     10 |   2970 |   7 |  598.1 |
       Dungeon |   3986 |   3759 |    227 |     10 |   2803 |   6 |  664.3 |
        Temple |    200 |    179 |     21 |      0 |    167 |   1 |  200.0 |
               +--------+--------+--------+--------+--------+-----+--------+

Top non-repeatable levels by time:
     D:5: 968 daAuts
     D:3: 849 daAuts
     D:4: 829 daAuts
     D:2: 636 daAuts
     D:1: 452 daAuts
     D:6: 249 daAuts
  Temple: 200 daAuts
